 Dungeon Crawl Stone Soup version 0.22-a0-525-gf69a080 (webtiles) character file.

7 Amnesiac the Ducker (level 1, -4/11 HPs)
             Began as a Spriggan Fighter on June 22, 2018.
             Slain by a hound (5 damage)
             ... on level 4 of the Dungeon.
             The game lasted 00:01:16 (486 turns).

Amnesiac the Ducker (Spriggan Fighter)               Turns: 486, Time: 00:01:17

Health: -4/11      AC:  2    Str: 12    XL:     1   Next: 83%
Magic:  2/2        EV: 19    Int:  9    God:
Gold:   12         SH:  6    Dex: 15    Spells: 0/0 levels left

rFire    . . .     SeeInvis +   a - +0 long sword
rCold    . . .     Gourm    .   c - +0 buckler
rNeg     . . .     Faith    .   b - +0 robe
rPois    .         Spirit   .   (helmet restricted)
rElec    .         Reflect  .   (no cloak)
rCorr    .         Harm     .   (gloves unavailable)
MR       .....                  (boots unavailable)
Stlth    +.........             (no amulet)
HPRegen  0.03/turn              (no ring)
MPRegen  0.08/turn              (no ring)

@: very quick
A: very small, unfitting armour, see invisible, herbivore, speed 3, slow
metabolism 2
a: no special abilities


You were on level 4 of the Dungeon.
You were not hungry.

You visited 1 branch of the dungeon, and saw 4 of its levels.

You collected 12 gold pieces.

Inventory:

Hand Weapons
 a - a +0 long sword (weapon)
 k - a +0 hunting sling
Missiles
 i - 37 stones (quivered)
 j - 12 sling bullets
Armour
 b - a +0 robe (worn)
 c - a +0 buckler (worn)
Scrolls
 g - a scroll of remove curse {!r, unknown}
 h - a scroll of enchant armour {!r, unknown}
Potions
 d - a potion of might {!q}
 e - a potion of curing {!q, unknown}
 l - a potion of brilliance {!q, unknown}
Comestibles
 f - 3 rations


   Skills:
 - Level 2.5 Fighting
 - Level 1.5 Long Blades
 + Level 0.0 Slings
 - Level 4.6 Dodging
 - Level 2.3 Shields


You couldn't memorise any spells.
You didn't know any spells.
Your spell library was empty.

Dungeon Overview and Level Annotations

Branches:
Dungeon (4/15)
 Temple: D:4-7

Altars:


Innate Abilities, Weirdness & Mutations

You are very small and have problems with some larger weapons.
You are too small for most types of armour.
You have supernaturally acute eyesight. (SInv)
You are a herbivore.
You cover ground extremely quickly.
You need to consume almost no food.


Message History

You start resting.
HP restored.
A bat comes into view.
The bat moves out of view.
You closely miss the bat. The bat closely misses you.
Found a ration.
You closely miss the bat. The bat hits you but does no damage.
The bat hits you.
You hit the bat but do no damage. You block the bat's attack. x2
You block the bat's attack.
You closely miss the bat. The bat completely misses you.
You riposte.
You miss the bat. The bat misses you.
You riposte.
You closely miss the bat. You closely miss the bat. The bat closely misses you.
You miss the bat. The bat misses you. The bat hits you.
The bat completely misses you.
You hit the bat.
You kill the bat!
No target in view!
No target in view!
You see here a bat corpse.
A jackal comes into view.
The jackal barks!
A jackal comes into view.
The jackal moves out of view.
A jackal and a worm come into view.
The jackal moves out of view.
You see here a ration.
f - 2 rations (gained 1)
You block the jackal's attack.
The jackal barks!
You see here a ration.
f - 3 rations (gained 1)
There is an escape hatch in the floor here.
The jackal closely misses you.
You slide downwards.
The hatch slams shut behind you.
A hound comes into view.
The hound barks!
Found 12 sling bullets.
Found a hunting sling.
You see here 12 sling bullets.
j - 12 sling bullets
Found a blue potion.
You see here a hunting sling.
k - a hunting sling You see here a blue potion {!q}.
l - a blue potion {!q} You hit the hound.
The hound is moderately wounded.
The hound misses you. The hound barely misses you.
You miss the hound.
The hound is moderately wounded.
The hound bites you. You block the hound's attack.
You barely miss the hound.
The hound is moderately wounded.
The hound bites you but does no damage. You block the hound's attack.
You barely miss the hound.
The hound is moderately wounded.
You block the hound's attack. The hound completely misses you.
You barely miss the hound.
The hound is moderately wounded.
The hound bites you.
* * * LOW HITPOINT WARNING * * *
The hound bites you.
You die...

### # ##.. . #..
.# .######.## .#
.......@h#######.#
#####..#..#......#
#.###........# #.
###......# .
#####......# ..
#.........## ..
..###.....# ...
#.....# #.....#


You could see a hound.

Vanquished Creatures
  3 bats
  A hobgoblin (D:1)
  A kobold (D:2)
  A rat (D:3)
6 creatures vanquished.

Notes
Turn   | Place    | Note
-------+----------+-------------------------------------------
     0 | D:1      | Amnesiac the Spriggan Fighter began the quest for the Orb.
     0 | D:1      | Reached XP level 1. HP: 11/11 MP: 2/2
   456 | D:4      | Noticed a hound
   486 | D:4      | Slain by a hound

Vault maps used:
D:1:      dpeg_arrival_rooms_a
D:2:      uniq_robin
D:3:      first_ration, kennysheep_generic_room_6, uniq_grinder

Action                   || total
-------------------------++-------
Melee: Long sword        ||    28
Armor: Robe              ||     3
Dodge: Dodged            ||    22
Block: Buckler           ||    14
       Rpst.: Long sword ||     5

Table legend:
 A = Spawn XP
 B = Non-spawn XP
 C = Spawn XP percentage of total XP
 D = Spawn monster count
 E = Non-spawn monster count
 F = Spawn count percentage of total count
 G = Total turns spent on level
                    A         B        C        D         E        F      G
               +---------+---------+-------+---------+---------+-------+---------
         Total |       0 |      10 |   0.0 |       0 |       6 |   0.0 |   486
               +---------+---------+-------+---------+---------+-------+---------
           D:1 |       0 |       3 |   0.0 |       0 |       2 |   0.0 |   312
           D:2 |       0 |       4 |   0.0 |       0 |       2 |   0.0 |    39
           D:3 |       0 |       3 |   0.0 |       0 |       2 |   0.0 |   105
               +---------+---------+-------+---------+---------+-------+---------
